AoeStats
← Cris

Arabia

508705873Analyzed
1v1 RM · 10d ago on Sep 23, 2026· 36m 22s· 2 players
Game mode
Random Map
Map size
Tiny (2 player)
Population
200
Speed
Normal
Resources
Standard
Victory
Conquest
Starting age
Dark Age
Ending age
Imperial Age
RankedLock teamsTeams togetherTeam positionsShared explorationLock speedFull tech treeHidden civsTurbo modeCheats
Victory
Defeat
🇨🇱 Ethiopians · Chile
1297
+16
🇨🇭 Lithuanians · Switzerland
1290
-16
Valdegard
8:59 Feudal Age
7:15 Loom
9:55 Horse Collar
10:08 Double-Bit Axe
19:01 Castle Age
17:10 Fletching
22:19 Wheelbarrow
30:33 Town Watch
31:04 Hand Cart
34:32 Bodkin Arrow
Cris
7:24 Loom
10:11 Feudal Age
11:27 Double-Bit Axe
15:51 Fletching
22:30 Castle Age
20:31 Gold Mining
21:27 Padded Archer Armor
22:45 Crossbowman
23:26 Bodkin Arrow
24:58 Leather Archer Armor
26:05 Bow Saw
25:39 Horse Collar
28:12 Wheelbarrow
34:52 Imperial Age
33:24 Hand Cart
34:42 Ballistics
35:14 Forging
35:06 Arbalester
Connection lost

Rejoining the realm…

Still unreachable

The connection could not be restored.

Session expired

The server has moved on; the page needs a fresh start.